 Dungeon Crawl Stone Soup version 0.30-a0-4-ga7cffc901d (webtiles) character file.

Game seed: 12556759172304740906

294 Flugkiller the Chopper (level 6, 0/82 HPs)
             Began as a Minotaur Fighter on Aug 22, 2022.
             Was a Follower of Qazlal.
             Succumbed to a water moccasin's poison
             ... on level 4 of the Dungeon.
             The game lasted 00:01:31 (2703 turns).

Flugkiller the Chopper (Minotaur Fighter)           Turns: 2703, Time: 00:01:32

Health: 0/82       AC:  7    Str: 22    XL:     6   Next: 11%
Magic:  6/6        EV:  9    Int:  3    God:    Qazlal [*.....]
Gold:   158        SH:  6    Dex: 10    Spells: 5/5 levels left

rFire   . . .      SeeInvis .    a - +1 war axe
rCold   . . .      Faith    .    c - +0 buckler
rNeg    . . .      Spirit   .    b - +0 scale mail
rPois   .          Reflect  .    (helmet restricted)
rElec   .          Harm     .    (no cloak)
rCorr   .          Rampage  .    (no gloves)
Will    .....                    (no boots)
Stlth   ..........               (no amulet)
HPRegen 0.23/turn                (no ring)
MPRegen 0.10/turn                (no ring)

@: berserking, lethally poisoned (0 -> -8), very quick
A: horns 2, retaliatory headbutt, dopey 1
a: Renounce Religion


You were on level 4 of the Dungeon.
You worshipped Qazlal.
Qazlal was aware of your devotion.
You visited 1 branch of the dungeon, and saw 4 of its levels.

You collected 158 gold pieces.

Inventory:

Hand Weapons
 a - a +1 war axe (weapon)
Armour
 b - a +0 scale mail (worn)
 c - a +0 buckler (worn)
Jewellery
 v - a +4 ring of evasion
   (You took it off a hobgoblin on level 4 of the Dungeon)
Scrolls
 g - a scroll of butterflies {unknown}
 h - 2 scrolls of identify {unknown}
 l - a scroll of teleportation {unknown}
 p - a scroll of noise {unknown}
 r - 2 scrolls of enchant weapon
 z - a scroll of blinking
Potions
 d - 2 potions of might
 f - a potion of haste {unknown}
 i - a potion of attraction {unknown}
 j - a potion of cancellation
 k - 2 potions of mutation
 m - a potion of brilliance
 n - a potion of resistance {unknown}
 o - a potion of curing {unknown}
 q - a potion of heal wounds {unknown}
 s - a potion of lignification {unknown}


   Skills:
 + Level 4.9 Fighting
 * Level 5.3 Axes
 + Level 5.0 Armour
 - Level 3.6 Shields
 + Level 2.1 Invocations


You had 5 spell levels left.
You didn't know any spells.
Your spell library was empty.

Dungeon Overview and Level Annotations

Branches:
Dungeon (4/15)
 Temple: D:4-7

Altars:
Qazlal

Shops:
D:1 =


Innate Abilities, Weirdness & Mutations

You have a pair of horns on your head.
You reflexively headbutt those who attack you in melee.
You are dopey. (Int -2)


Message History

A dart slug is nearby!
The dart slug bites you.
You hit the dart slug.
The dart slug is heavily wounded.
The dart slug barely misses you. You furiously retaliate!
You headbutt the dart slug!
You kill the dart slug!
Qazlal accepts your kill.
No target in view!
No target in view!
No target in view!
No target in view!
Found a stone staircase leading up.
You see here a dart slug corpse.
No target in view!
You now have 158 gold pieces (gained 10).
Found a stone staircase leading up.
There is a stone staircase leading up here.
There is a stone staircase leading up here.
An endoplasm comes into view.
The endoplasm quivers.
An endoplasm is nearby!
You block the endoplasm's attack.
You slash the endoplasm!
You kill the endoplasm!
Qazlal accepts your kill.
No target in view!
No target in view!
No target in view!
No target in view!
No target in view!
No target in view!
A water moccasin comes into view.
A water moccasin is nearby!
A water moccasin is nearby!
You closely miss the water moccasin. You block the water moccasin's attack.
The water moccasin bites you.
You are poisoned.
The water moccasin poisons you!
You barely miss the water moccasin. You headbutt the water moccasin.
The water moccasin is lightly wounded.
You feel very sick. The water moccasin bites you.
You barely miss the water moccasin.
Your headbutt misses the water moccasin.
The water moccasin is lightly wounded.
You feel sick. The water moccasin closely misses you. You furiously retaliate!
You headbutt the water moccasin. You block the water moccasin's attack.
You barely miss the water moccasin.
The water moccasin is moderately wounded.
You feel sick.
The water moccasin bites you but does no damage.
The water moccasin closely misses you.
You hit the water moccasin. You headbutt the water moccasin!
The water moccasin is severely wounded.
You feel sick. You block the water moccasin's attack.
The water moccasin bites you.
You are more poisoned.
The water moccasin poisons you!
You barely miss the water moccasin.
The water moccasin is severely wounded.
You feel very sick. The water moccasin bites you.
You are lethally poisoned!
The water moccasin poisons you!
You hit the water moccasin.
Your headbutt misses the water moccasin.
The water moccasin is severely wounded.
* * * LOW HITPOINT WARNING * * *
You feel extremely sick. The water moccasin barely misses you.
The water moccasin completely misses you.
You closely miss the water moccasin. You headbutt the water moccasin!
You kill the water moccasin!
Qazlal accepts your kill.
* * * LOW HITPOINT WARNING * * *
You feel very sick.
Your Axes skill increases to level 5!
Your Armour skill increases to level 5!
Your Invocations skill increases to level 2!
You have reached level 6!
There is a lethal amount of poison in your body!
There is a lethal amount of poison in your body!
It was a potion of mutation.
You feel extremely strange.
You feel stupid.
* * * LOW HITPOINT WARNING * * *
You feel very sick.
It was a potion of brilliance.
You feel clever all of a sudden.
* * * LOW HITPOINT WARNING * * *
You feel very sick.
It was a potion of cancellation.
Your magical effects are unravelling.
You feel magically purged.
You feel a little less clever now.
* * * LOW HITPOINT WARNING * * *
You feel sick.
It was a potion of berserk rage.
A red film seems to cover your vision as you go berserk!
You feel yourself moving faster!
You feel mighty!
You die...

## #.# ###
#.####### #..
#..@...# #..#
##..##.#
#.#.###.#.#
#.##.#.##...
#.# #.#######
#.# #.#
########.###.#
.............#
########.##..#


There were no monsters in sight!

Vanquished Creatures
  A water moccasin (D:4)
  Natasha (thrice) (D:2)
  6 adders
  2 worms (D:3)
  A dart slug (D:4)
  2 orcs
  3 bats
  6 endoplasms
  4 giant cockroaches
  2 goblins
  2 hobgoblins
  9 kobolds
  A quokka (D:3)
  5 ball pythons
  4 frilled lizards
  5 rats
56 creatures vanquished.

Notes
Turn   | Place    | Note
-------+----------+-------------------------------------------
     0 | D:1      | Flugkiller the Minotaur Fighter began the quest for the
                  | Orb.
     0 | D:1      | Reached XP level 1. HP: 19/19 MP: 0/0
    51 | D:1      | You fall into a shaft and drop 1 floor!
    69 | D:2      | Reached XP level 2. HP: 16/27 MP: 1/1
   308 | D:1      | Found Tangyit's Jewellery Shoppe.
   750 | D:2      | Found a stormy altar of Qazlal.
   777 | D:2      | Became a worshipper of Qazlal Stormbringer
   841 | D:2      | Noticed Natasha
   846 | D:2      | Killed Natasha
   847 | D:2      | Reached XP level 3. HP: 22/33 MP: 2/2
   948 | D:2      | Noticed Natasha
   952 | D:2      | Killed Natasha
   953 | D:2      | Reached XP level 4. HP: 37/40 MP: 3/3
  1203 | D:2      | Reached skill level 1 in Invocations
  1282 | D:2      | Noticed Natasha
  1295 | D:2      | Killed Natasha
  1908 | D:3      | Reached XP level 5. HP: 47/47 MP: 5/5
  1938 | D:3      | Identified the +8 flail of Bisilaymee {elec, rPois rF++}
  2191 | D:3      | Reached * piety under Qazlal
  2691 | D:4      | Noticed a water moccasin
  2699 | D:4      | Killed a water moccasin
  2700 | D:4      | Reached skill level 5 in Axes
  2700 | D:4      | Reached skill level 5 in Armour
  2700 | D:4      | Reached XP level 6. HP: 9/55 MP: 6/6
  2700 | D:4      | Gained mutation: You are dopey. (Int -2) [potion of
                  | mutation]
  2702 | D:4      | HP: 1/55 [poisoned by a water moccasin]
  2703 | D:4      | Succumbed to a water moccasin's poison

Illustrated notes

Levels and vault maps discovered:
D:1:      co_arrival_square_in_a_square_in_a_square, layout_basic, serial_shops,
          nicolae_shop_statue_plus, minmay_crystal_water
D:2:      layout_loops_ring, basic_altar, uniq_natasha
D:3:      layout_basic
D:4:      layout_loops_ring, minmay_temple_entry_poolview, serial_shops, shop

Skill      XL: |  1  2  3  4  5 |
---------------+----------------+-----
Axes           | 3 4 5 |  5.3
Fighting       | 4 |  4.9
Armour         | 4 5 |  5.0
Invocations    | 1 2 |  2.1
Shields        | |  3.6

Action                   |  1- 3 |  4- 6 || total
-------------------------+-------+-------++-------
Melee: War axe           |    44 |    89 ||   133
       Headbutt          |     4 |    16 ||    20
       Unarmed           |       |     8 ||     8
  Use: Scroll            |       |     2 ||     2
       Potion            |       |     4 ||     4
Armor: Scale mail        |    24 |    34 ||    58
       Skin              |       |     4 ||     4
Dodge: Dodged            |    23 |    42 ||    65
Block: Buckler           |     8 |    20 ||    28

Table legend: (Time is in decaauts)
 A = Elapsed time spent in this place.
 B = Non-inter-level travel time spent in this place.
 C = Inter-level travel time spent in this place.
 D = Time resting spent in this place.
 E = Time spent auto-exploring this place.
 F = Levels seen in this place.
 G = Mean time per level.
                   A        B        C        D        E       F      G
               +--------+--------+--------+--------+--------+-----+--------+
         Total |   2747 |   2688 |     59 |      0 |   2275 |   4 |  686.8 |
       Dungeon |   2747 |   2688 |     59 |      0 |   2275 |   4 |  686.8 |
               +--------+--------+--------+--------+--------+-----+--------+

Top non-repeatable levels by time:
     D:3: 966 daAuts
     D:2: 745 daAuts
     D:1: 730 daAuts
     D:4: 306 daAuts
